 Dungeon Crawl Stone Soup version 0.20-a0-509-ga2a529b (webtiles) character file.

98 Kaname the Charmwright (level 4, -3/33 HPs)
             Began as a Demonspawn Skald on Jan 22, 2017.
             Slain by an orc
             ... wielding a +0 hand axe
              (8 damage)
             ... on level 3 of the Dungeon.
             The game lasted 00:05:51 (3283 turns).

Kaname the Charmwright (Demonspawn Skald)           Turns: 3283, Time: 00:05:52

Health: -3/33      AC:  3    Str: 13    XL:     4   Next: 44%
Magic:  7/7        EV: 12    Int: 16    God:
Gold:   82         SH:  0    Dex: 12    Spells: 3/7 levels left

rFire    . . .     SeeInvis .   a - +0 spear
rCold    + . .     Gourm    .   b - +0 leather armour
rNeg     . . .     Faith    .   (no shield)
rPois    .         Spirit   .   (helmet restricted)
rElec    .         Reflect  .   (no cloak)
rCorr    .         Harm     .   (no gloves)
MR       .....                  (no boots)
Stlth    ++........             (no amulet)
Regen    0.2/turn               t - +2 ring of strength
                                o - ring of stealth

@: no status effects
A: horns 1, cold resistance 1
a: no special abilities


You were on level 3 of the Dungeon.
You were not hungry.

You visited 1 branch of the dungeon, and saw 3 of its levels.

You collected 82 gold pieces.

Inventory:

Hand Weapons
 a - a +0 spear (weapon)
Armour
 b - a +0 leather armour (worn)
 q - a +0 shield
Jewellery
 o - a ring of stealth (left hand)
 t - a +2 ring of strength (right hand)
Scrolls
 e - a scroll of identify
 g - a scroll of immolation {unknown}
 l - a scroll of amnesia {unknown}
 n - a scroll of remove curse {unknown}
 r - a scroll of fog {unknown}
Potions
 f - a potion of lignification {unknown}
 h - 2 potions of heal wounds
 i - a potion of ambrosia {unknown}
 j - a potion of curing
 m - a potion of might {unknown}
Books
 c - a book of Battle

   Spells                             Type                      Level
   a - Infusion                       Charms                       1
   b - Shroud of Golubria             Charms/Translocation         2
   c - Song of Slaying                Charms                       2
   d - Spectral Weapon                Hexes/Charms                 3
   e - Regeneration                   Charms/Necromancy            3
Comestibles
 d - 2 bread rations
 k - 2 royal jellies
 p - 2 meat rations


   Skills:
 - Level 2.0 Fighting
 - Level 2.0 Polearms
 - Level 0.8 Armour
 - Level 1.7 Dodging
 - Level 2.0 Spellcasting
 + Level 1.9 Hexes
 - Level 4.2 Charms


You had 3 spell levels left.
You knew the following spells:

 Your Spells              Type           Power        Failure   Level  Hunger
a - Infusion              Chrm           ###.         6%          1    #......
b - Spectral Weapon       Hex/Chrm       ##......     24%         3    ###....


Dungeon Overview and Level Annotations

Branches:
Dungeon (3/15)

Altars:


Innate Abilities, Weirdness & Mutations

You have a pair of small horns on your head.
Your flesh is cold resistant. (rC+)


Message History

You hit the orc. You headbutt the orc.
The orc is severely wounded.
The orc hits you with a flail.
* * * LOW HITPOINT WARNING * * *
You see here 3 tomahawks.
There is a stone staircase leading up here.
You hit the orc but do no damage. Your headbutt misses the orc.
The orc is severely wounded.
The orc closely misses you.
You closely miss the orc. Your headbutt misses the orc.
The orc is severely wounded.
The orc misses you.
You hit the orc.
You kill the orc!
You hit the orc but do no damage. The orc hits you with a hand axe.
* * * LOW HITPOINT WARNING * * *
You hit the orc.
The orc is moderately wounded.
The orc hits you with a hand axe!
You die...

### ##.########
#####.........# ###
......).o..##.###.##
####...##.........#
##.######.###.##
#.######.# #.# #...o@...#
#o# ##'######## #.#######.
##...## #.........
##.....## ##....###...
##.......## ##.#.#.# .#
#.....<...####.>..#.###..#
+.........+...............
#.........####............
#####>...## ##.###.######


You could see an orc.

Vanquished Creatures
  Terence (D:2)
  2 adders (D:2)
  A worm (D:1)
  3 dart slugs
  A leopard gecko (D:1)
  4 orcs (D:3)
  2 bats (D:1)
  4 giant cockroaches
  7 goblins
  4 hobgoblins
  8 kobolds
  2 frilled lizards (D:1)
  3 rats
42 creatures vanquished.

Notes
Turn   | Place    | Note
-------+----------+-------------------------------------------
     0 | D:1      | Kaname the Demonspawn Skald began the quest for the Orb.
     0 | D:1      | Reached XP level 1. HP: 16/16 MP: 3/3
   141 | D:1      | Reached skill level 3 in Charms
   180 | D:1      | Gained mutation: Your flesh is cold resistant. (rC+) [demonic ancestry]
   180 | D:1      | Reached XP level 2. HP: 4/22 MP: 5/5
  1336 | D:2      | Reached XP level 3. HP: 22/27 MP: 6/6
  1341 | D:2      | Learned a level 3 spell: Spectral Weapon
  1409 | D:2      | Noticed Terence
  2089 | D:2      | Killed Terence
  2089 | D:2      | Reached skill level 4 in Charms
  2342 | D:2      | Reached skill level 1 in Hexes
  2342 | D:2      | Gained mutation: You have a pair of small horns on your head. [demonic ancestry]
  2342 | D:2      | Reached XP level 4. HP: 15/33 MP: 7/7
  3283 | D:3      | Slain by an orc

Vault maps used:
D:1:      saegor_arrival_simple_b, serial_glass, glass_columns_a,
          glass_columns_c, glass_columns_c, glass_columns_a, glass_columns_a,
          glass_columns_a, glass_columns_a, glass_columns_c
D:2:      first_bread, hex_medium, kennysheep_nondescript,
          kennysheep_another_room, uniq_terence
D:3:      minitemple, uniq_crazy_yiuf_cottage

Skill      XL: |  1  2  3 |
---------------+----------+-----
Polearms       | 2 |  2.0
Charms         | 3 4 |  4.2
Hexes          | 1 |  1.9
Fighting       | |  2.0
Armour         | |  0.8
Dodging        | |  1.7
Spellcasting   | |  2.0

Action                   |  1- 3 |  4- 6 || total
-------------------------+-------+-------++-------
Melee: Spear             |   155 |    55 ||   210
       Headbutt          |       |     5 ||     5
 Cast: Infusion          |     1 |       ||     1
       Spectral Weapon   |     1 |       ||     1
  Use: Scroll            |       |     1 ||     1
 Stab: Sleeping          |     1 |       ||     1
       Distracted        |     2 |     2 ||     4
  Eat: Bread ration      |     1 |       ||     1
       Chunk             |       |     3 ||     3
Armor: Leather armour    |    16 |     6 ||    22
Dodge: Dodged            |    51 |    15 ||    66
